 Dungeon Crawl Stone Soup version 0.23-a0-29-g1be82e5 (webtiles) character file.

4 glosham the Conjurer (level 1, 0/16 HPs)
             Began as a Centaur Conjurer on Aug 3, 2018.
             Slain by Sigmund
             ... wielding a +0 scythe
              (6 damage)
             ... on level 3 of the Dungeon.
             The game lasted 00:02:42 (161 turns).

glosham the Conjurer (Centaur Conjurer)              Turns: 161, Time: 00:02:43

Health: 0/16       AC:  4    Str: 10    XL:     1   Next: 50%
Magic:  2/3        EV:  9    Int: 14    God:
Gold:   25         SH:  0    Dex:  9    Spells: 2/3 levels left

rFire    . . .     SeeInvis .   a - +0 hand axe
rCold    . . .     Gourm    .   (no shield)
rNeg     . . .     Faith    .   d - +0 robe
rPois    .         Spirit   .   (no helmet)
rElec    .         Reflect  .   (no cloak)
rCorr    .         Harm     .   (no gloves)
MR       .....                  (no barding)
Stlth    +.........             (no amulet)
HPRegen  0.05/turn              (no ring)
MPRegen  0.08/turn              (no ring)

@: very quick
A: large, hooves 3, deformed body, speed 2, tough skin 3
a: no special abilities


You were on level 3 of the Dungeon.
You were not hungry.

You visited 1 branch of the dungeon, and saw 3 of its levels.

You collected 25 gold pieces.

Inventory:

Hand Weapons
 a - a +0 hand axe (weapon)
 b - a +0 club
Armour
 d - a +0 robe (worn)
Comestibles
 c - 3 rations


   Skills:
 * Level 1.1 Fighting
 - Level 1.3 Dodging
 - Level 1.1 Stealth
 - Level 1.5 Spellcasting
 - Level 3.6 Conjurations


You had 2 spell levels left.
You knew the following spells:

 Your Spells              Type           Power        Failure   Level  Hunger
x - Magic Dart            Conj           ##..         6%          1    ##.....

Your spell library contained the following spells:

 Spells                   Type           Power        Failure   Level  Hunger
 Iskenderun's Mystic Bla  Conj           ##......     50%         4    #####..
 Fulminant Prism          Conj/Hex       #.........   75%         4    #####..
 Dazzling Spray           Conj/Hex       #.....       34%         3    ####...
 Force Lance              Conj/Tloc      #.......     75%         4    #####..
 Searing Ray              Conj           ##....       9%          2    ###....


Dungeon Overview and Level Annotations

Branches:
Dungeon (3/15)

Altars:

Annotations:
D:3 Sigmund


Innate Abilities, Weirdness & Mutations

You have hooves in place of feet.
Armour fits poorly on your strangely shaped body.
You cover ground very quickly.
You have extremely tough skin. (AC +3)


Message History

Aim: a leopard gecko (severely wounded, clinging)
The magic dart hits the leopard gecko.
You kill the leopard gecko!
Your Fighting skill increases to level 1!
There is a stone staircase leading down here.
You climb downwards.
There is a stone staircase leading up here.
Found a ration.
You see here a ration.
c - 3 rations (gained 1)
There is a stone staircase leading down here.
You climb downwards.
You hear the sound of rushing water.
There is an entrance to a sewer on this level.
Hurry and find it before the portal rusts away!
Sigmund the Dreaded comes into view.
He is wielding a scythe.
Sigmund shouts!
Found a scroll labeled ZORETSAACETH.
There is a stone staircase leading up here.
You completely miss Sigmund. You kick Sigmund, but do no damage.
Sigmund hits you with a scythe.
You closely miss Sigmund. Your kick misses Sigmund.
Sigmund hits you with a scythe.
You barely miss Sigmund. Sigmund hits you with a scythe.
You hit Sigmund.
Sigmund is lightly wounded.
Sigmund barely misses you.
You hit Sigmund. Your kick misses Sigmund.
Sigmund is lightly wounded.
Sigmund hits you with a scythe.
You hit Sigmund. You kick Sigmund.
Sigmund is moderately wounded.
Sigmund gestures at you while chanting. You resist with significant effort.
You hit Sigmund.
Sigmund is heavily wounded.
Sigmund completely misses you.
You completely miss Sigmund.
Sigmund is heavily wounded.
Sigmund hits you with a scythe.
You die...

. .. ..?
...# ...#
#####...#
#@@<....#
#.#####.#
#. #. #.
.. #. ##


You could see Sigmund.

Vanquished Creatures
  A leopard gecko (D:1)
  A frilled lizard (D:2)
  A kobold (D:1)
  A rat (D:1)
4 creatures vanquished.

Vanquished Creatures (others)
  A hobgoblin (D:2)
1 creature vanquished.

Grand Total: 5 creatures vanquished

Notes
Turn   | Place    | Note
-------+----------+-------------------------------------------
     0 | D:1      | glosham the Centaur Conjurer began the quest for the Orb.
     0 | D:1      | Reached XP level 1. HP: 14/14 MP: 3/3
   133 | D:1      | Reached skill level 1 in Fighting
   152 | D:3      | Noticed Sigmund
   161 | D:3      | Slain by Sigmund

Vault maps used:
D:1:      minmay_arrival_split_and_join
D:2:      nemelex_xobeh_ov_fountains_minmay, first_ration,
          hangedman_decor_clover_reticule, grunt_qazlal_clouds, uniq_robin
D:3:      cheibrodos_sewer_entry_drain, hangedman_glass_teeth, uniq_sigmund,
          uniq_ijyb

Skill      XL: |  1 |
---------------+----+-----
Fighting       | 1 |  1.1
Dodging        | |  1.3
Stealth        | |  1.1
Spellcasting   | |  1.5
Conjurations   | |  3.6

Action                   || total
-------------------------++-------
Melee: Hand axe          ||     8
       Kick              ||     2
 Cast: Magic Dart        ||     8
Armor: Robe              ||     2
Dodge: Dodged            ||     2

Table legend:
 A = Spawn XP
 B = Non-spawn XP
 C = Spawn XP percentage of total XP
 D = Spawn monster count
 E = Non-spawn monster count
 F = Spawn count percentage of total count
 G = Total turns spent on level
                    A         B        C        D         E        F      G
               +---------+---------+-------+---------+---------+-------+---------
         Total |       0 |       6 |   0.0 |       0 |       4 |   0.0 |   161
               +---------+---------+-------+---------+---------+-------+---------
           D:1 |       0 |       5 |   0.0 |       0 |       3 |   0.0 |    76
           D:2 |       0 |       1 |   0.0 |       0 |       1 |   0.0 |    76
               +---------+---------+-------+---------+---------+-------+---------

Table legend:
 A = Turns spent in this place as a percentage of turns spent in the entire game.
 B = Non-inter-level travel turns spent in this place as a percentage of non-inter-level travel turns spent in the entire game.
 C = Inter-level travel turns spent in this place as a percentage of turns spent in this place.
 D = Turns resting spent in this place as a percentage of non-inter-level travel turns spent in this place.
 E = Turns spent auto-exploring this place as a percentage of non-inter-level travel turns spent in this place.
 F = Non-inter-level travel turns spent in this place divided by the number of levels of this place that you've seen.
                   A       B       C       D       E      F
               +-------+-------+-------+-------+-------+----------------------
         Total | 100.0 | 100.0 |   0.0 |   0.0 |   0.0 |  53.7
       Dungeon | 100.0 | 100.0 |   0.0 |   0.0 |   0.0 |  53.7
               +-------+-------+-------+-------+-------+----------------------

Table legend:
 A = Kills in this place as a percentage of kills in entire the game.
 B = Kills by you in this place as a percentage of kills by you in the entire game.
 C = Kills by friends in this place as a percentage of kills by friends in the entire game.
 D = Other kills in this place as a percentage of other kills in the entire game.
 E = Experience gained in this place as a percentage of experience gained in the entire game.
 F = Experience gained in this place divided by the number of levels of this place that you have seen.
                   A       B       C       D       E      F
               +-------+-------+-------+-------+-------+----------------------
         Total | 100.0 | 100.0 |   N/A |   N/A | 100.0 |   2.0
       Dungeon | 100.0 | 100.0 |   N/A |   N/A | 100.0 |   2.0
               +-------+-------+-------+-------+-------+----------------------

Vault maps used:
D:1:      minmay_arrival_split_and_join
D:2:      nemelex_xobeh_ov_fountains_minmay, first_ration,
          hangedman_decor_clover_reticule, grunt_qazlal_clouds, uniq_robin
D:3:      cheibrodos_sewer_entry_drain, hangedman_glass_teeth, uniq_sigmund,
          uniq_ijyb
